Map: Torches LE

Players

ByuN

  • Race: Terran Terran
  • Spawn Location: 5:00

FalconsSolar (Solar) - Winner!

  • Race: Zerg Zerg
  • League: Grandmaster
  • Spawn Location: 1:00

VOD

Have the link to the VOD?

Description

Time

  • Played on: Aug. 24, 2025, 8:25 a.m.
  • Length: 14:45
Show
View Real Time Build Order
Export as new Build Order

ByuN Terran 

Build Orders: Reaper Expand 

Get SALT Encoding   

  12  0:00  SCV  
  13  0:12  SCV  
  14  0:17  Supply Depot  
  14  0:24  SCV  
  15  0:38  SCV  
  15  0:39  Barracks  
  16  0:43  Refinery  
  16  0:50  SCV  
  17  1:03  SCV  
  18  1:15  SCV  
  19  1:26  Reaper  
  19  1:27  Orbital Command  
  20  1:40  Command Center  
  20  1:47  Supply Depot  
  20  1:52  SCV  
  21  1:58  Marine  
  22  2:04  SCV  
  23  2:11  Factory  
  23  2:16  SCV  
  25  2:25  Barracks Reactor  
  24  2:30  SCV  
  25  2:37  Command Center  
  25  2:42  SCV  
  26  2:52  Orbital Command  
  26  2:54  SCV  
  26  2:57  Starport  
  27  3:02  Refinery  
  27  3:06  SCV  
  30  3:15  Hellion x2  
  30  3:16  Barracks Tech Lab  
  32  3:21  SCV x2  
  34  3:33  SCV x2  
  39  3:42  Viking, Barracks Tech Lab  
  39  3:43  Hellion x2  
  39  3:45  SCV x2  
  44  3:50  Orbital Command  
  44  3:57  SCV x2  
  44  4:00  Marine  
  44  4:01  Stimpack  
  47  4:09  Bunker  
  47  4:12  Factory Reactor  
  47  4:13  SCV x2  
  49  4:18  Marine  
  49  4:23  SCV  
  51  4:25  Starport Reactor, SCV, Barracks  
  51  4:27  SCV  
  51  4:28  Barracks  
  53  4:35  SCV  
  53  4:36  Marine  
  53  4:37  SCV  
  56  4:42  Engineering Bay  
  56  4:43  Engineering Bay  
  55  4:48  SCV, Supply Depot  
  55  4:49  SCV x2  
  55  4:52  Refinery  
  58  4:54  Marine  
  58  4:56  Refinery  
  59  5:02  SCV x2  
  61  5:07  Barracks  
  61  5:09  Terran Infantry Weapons Level 1, Terran Infantry Armor Level 1  
  61  5:10  SCV  
  61  5:12  Marine, Factory Reactor  
  61  5:13  Marine  
  64  5:15  Missile Turret  
  64  5:18  Missile Turret  
  64  5:20  SCV x2  
  66  5:22  Missile Turret  
  66  5:25  Marine  
  66  5:26  Marine, Barracks  
  66  5:29  Missile Turret  
  66  5:31  Marine x2  
  66  5:32  Marine  
  69  5:42  SCV  
  69  5:46  Combat Shield  
  69  5:49  Marine  
  69  5:50  Marine, SCV  
  69  5:51  Marine x3  
  69  5:52  Medivac  
  69  5:54  Orbital Command  
  77  5:58  Medivac  
  77  5:59  Barracks Reactor  
  77  6:02  SCV x2, Supply Depot  
  81  6:08  Marine  
  81  6:09  Marine x2  
  84  6:12  Supply Depot  
  84  6:13  Widow Mine  
  84  6:14  Supply Depot  
  84  6:17  Widow Mine  
  82  6:18  SCV x2  
  82  6:20  Barracks Reactor  
  82  6:21  Supply Depot  
  82  6:28  SCV  
  82  6:30  SCV x2  
  82  6:32  Missile Turret  
  85  6:33  Marine x3  
  85  6:34  Marine x2  
  88  6:40  SCV  
  88  6:43  SCV x2  
  88  6:46  Marine  
  88  6:52  SCV  
  88  6:53  Widow Mine x2, Marine x3  
  90  6:55  Marine, SCV x2  
  90  6:58  Marine x2  
  94  7:02  Missile Turret  
  94  7:06  Marine x2  
  94  7:07  Marine  
  97  7:08  SCV  
  97  7:09  SCV x2  
  97  7:11  Marine  
  97  7:12  Factory  
  101  7:21  Widow Mine, SCV x3  
  104  7:24  Marine x7  
  108  7:32  Medivac  
  108  7:33  SCV x3, Medivac  
  114  7:38  Armory  
  113  7:45  SCV x3  
  113  7:51  Command Center  
  116  7:57  SCV, Refinery  
  117  8:00  Supply Depot x2  
  117  8:01  Marine x4, SCV  
  117  8:02  SCV  
  123  8:06  Marine x3  
  123  8:09  SCV  
  123  8:11  Missile Turret  
  124  8:14  SCV  
  125  8:21  Marine, SCV  
  125  8:22  Widow Mine x2  
  125  8:24  Terran Infantry Weapons Level 2, Terran Infantry Armor Level 2  
  133  8:27  Drilling Claws  
  133  8:33  Supply Depot  
  131  8:35  SCV x3  
  131  8:37  Supply Depot  
  131  8:40  Thor  
  140  8:48  Supply Depot  
  140  8:50  Supply Depot  
  144  8:55  Widow Mine x2  
  144  9:02  SCV x2  
  145  9:03  Missile Turret  
  143  9:12  Barracks x2  
  143  9:13  Barracks  
  143  9:14  SCV  
  143  9:15  SCV x2  
  146  9:17  Missile Turret  
  146  9:23  Thor, Missile Turret  
  152  9:26  SCV  
  152  9:27  Sensor Tower  
  152  9:30  Widow Mine  
  155  9:33  SCV x2  
  155  9:37  Planetary Fortress  
  156  9:39  Missile Turret  
  156  9:41  Widow Mine  
  158  9:47  Missile Turret  
  158  9:49  Marine  
  158  9:52  Widow Mine, SCV x2  
  159  9:54  SCV  
  159  9:58  Marine x5  
  159  9:59  Missile Turret, Marine x3  
  167  10:03  Barracks Tech Lab x3  
  167  10:04  SCV  
  167  10:05  Thor, SCV  
  167  10:06  Missile Turret, SCV  
  176  10:16  Marine, SCV  
  176  10:18  Medivac, Marauder  
  176  10:20  Widow Mine x2  
  171  10:29  Medivac  
  171  10:33  Command Center, Marauder x2  
  171  10:34  Concussive Shells  
  171  10:35  Command Center  
  175  10:37  Supply Depot  
  175  10:38  Supply Depot  
  175  10:39  Supply Depot  
  175  10:42  Orbital Command  
  175  10:48  Missile Turret x2, Medivac  
  175  10:49  Missile Turret, Marine  
  168  10:50  Marine, Marauder x2  
  168  10:54  Marine x2  
  168  10:55  Marine x3, Marauder x2  
  166  11:02  Marine  
  166  11:03  SCV  
  144  11:05  SCV  
  144  11:07  Marine, SCV  
  144  11:10  Marine  
  150  11:11  Marauder x2  
  150  11:15  SCV  
  150  11:16  Thor  
  150  11:17  SCV  
  158  11:19  Marine x5  
  158  11:22  Widow Mine  
  158  11:25  Marauder x2  
  169  11:31  Widow Mine  
  168  11:33  SCV x3  
  168  11:36  Marine, Marauder x2  
  168  11:37  Marine  
  168  11:38  Marine x3  
  179  11:41  Marine  
  179  11:45  Widow Mine, SCV x3  
  179  11:46  Supply Depot  
  185  11:49  Orbital Command, Supply Depot  
  185  11:52  Marauder  
  185  11:53  Widow Mine  
  189  11:57  Missile Turret  
  189  12:00  Widow Mine, Sensor Tower  
  191  12:04  Marauder x3  
  191  12:05  Terran Infantry Weapons Level 3  
  191  12:06  Widow Mine  
  191  12:07  Terran Infantry Armor Level 3  
  199  12:28  Missile Turret x2  
  193  12:38  Marauder  
  193  12:40  Marine x2, Marauder x2  
  193  12:41  SCV  
  193  12:42  SCV x3  
  193  12:43  Medivac  
  193  12:44  Marine x3, Medivac  
  174  12:45  Marine x3  
  179  12:53  Marauder  
  179  12:56  Widow Mine x2  
  185  13:04  Orbital Command  
  182  13:07  Marine  
  182  13:08  Marine x8  
  180  13:13  Medivac x2  
  180  13:17  Widow Mine x2  
  186  13:21  Marauder x3  
  186  13:23  Widow Mine  
  186  13:26  Orbital Command  
  194  13:38  Widow Mine  
  194  13:39  Widow Mine  
  182  13:41  Marauder  
  182  13:42  Marine x2  
  182  13:43  Medivac x2, Marauder x2  
  182  13:44  Widow Mine, Orbital Command  
  182  13:45  Marauder  
  182  13:46  Marine  
  152  13:52  Marine  
  153  14:00  Widow Mine x2  
  159  14:03  Marauder  
  159  14:05  Widow Mine  
  161  14:10  Marine  
  161  14:11  Marine x6  
  161  14:15  Marauder x2  
  172  14:19  Marine  
  172  14:21  Widow Mine x2  
Show
View Real Time Build Order
Export as new Build Order

FalconsSolar Zerg - Winner!

Build Orders: Hatch First 

Get SALT Encoding   

  12  0:00  Drone  
  13  0:07  Drone  
  14  0:14  Extractor, Drone  
  15  0:35  Hatchery  
  14  0:40  Extractor, Drone  
  15  0:47  Overlord  
  15  1:02  Spawning Pool  
  14  1:05  Drone  
  14  1:08  Drone  
  16  1:11  Drone  
  16  1:17  Drone  
  18  1:25  Extractor  
  17  1:27  Drone  
  18  1:38  Drone  
  19  1:47  Drone  
  19  1:48  Queen  
  19  1:49  Queen  
  19  1:52  Zergling x2  
  25  1:59  Drone  
  26  2:05  Overlord  
  26  2:09  Drone  
  26  2:11  Drone  
  28  2:24  Drone  
  28  2:25  Queen  
  28  2:27  Drone  
  32  2:31  Overlord  
  32  2:32  Drone  
  33  2:40  Lair  
  33  2:44  Drone  
  34  2:46  Drone  
  34  2:48  Extractor  
  34  2:57  Drone  
  35  2:59  Drone x3  
  35  3:00  Overlord  
  35  3:03  Drone  
  35  3:05  Drone  
  40  3:07  Drone  
  41  3:13  Drone  
  41  3:16  Drone  
  41  3:19  Overlord  
  43  3:22  Drone  
  44  3:30  Drone x4  
  44  3:31  Drone  
  44  3:33  Drone  
  50  3:37  Drone  
  50  3:39  Spire  
  50  3:42  Extractor x2, Drone  
  50  3:45  Drone  
  50  3:47  Zergling x2  
  51  3:49  Metabolic Boost  
  51  3:53  Overlord  
  51  3:56  Zergling x2  
  51  4:00  Drone x2  
  51  4:01  Overlord  
  54  4:07  Zergling x2  
  54  4:08  Queen  
  57  4:11  Overlord  
  57  4:12  Overseer  
  57  4:16  Overlord  
  57  4:21  Baneling Nest  
  56  4:30  Hatchery  
  55  4:32  Overlord  
  55  4:39  Overlord  
  55  4:42  Drone x2  
  57  4:49  Drone  
  57  4:51  Mutalisk x2  
  62  4:53  Mutalisk  
  62  4:56  Mutalisk  
  62  4:59  Mutalisk  
  68  5:08  Mutalisk  
  68  5:10  Drone x3  
  68  5:12  Drone x2  
  68  5:14  Drone  
  76  5:16  Drone x2  
  76  5:18  Drone  
  76  5:20  Drone  
  76  5:21  Drone  
  81  5:26  Mutalisk  
  83  5:32  Mutalisk  
  85  5:37  Overlord  
  85  5:46  Drone x4  
  85  5:48  Extractor, Drone  
  85  5:49  Overlord  
  89  5:50  Extractor, Zerg Flyer Weapons Level 1  
  89  5:53  Drone  
  89  5:55  Evolution Chamber  
  89  5:56  Mutalisk x2  
  92  5:59  Drone x2  
  92  6:00  Evolution Chamber  
  92  6:04  Drone x2  
  92  6:05  Drone  
  95  6:12  Drone  
  95  6:14  Drone  
  95  6:17  Drone  
  98  6:24  Zerg Ground Armor Level 1  
  98  6:25  Mutalisk x2  
  100  6:26  Overlord  
  100  6:28  Drone, Hatchery  
  100  6:31  Mutalisk  
  105  6:32  Zergling x2  
  105  6:33  Zergling x4  
  105  6:34  Overlord  
  105  6:36  Zergling x4  
  105  6:38  Zergling x2  
  110  6:41  Zerg Melee Weapons Level 1  
  110  6:44  Overlord  
  110  6:45  Zergling x4  
  112  6:48  Baneling x7  
  112  6:52  Zergling x6  
  112  6:53  Overlord  
  113  6:58  Mutalisk  
  113  7:00  Drone x4  
  115  7:05  Mutalisk x2  
  119  7:09  Zergling x6  
  119  7:12  Extractor, Baneling x3  
  119  7:14  Overseer, Drone  
  122  7:17  Drone  
  122  7:19  Drone, Baneling x3  
  124  7:23  Zergling x2  
  124  7:27  Overlord  
  124  7:29  Mutalisk  
  123  7:31  Zergling x2  
  123  7:32  Zergling x14  
  133  7:38  Drone  
  133  7:40  Drone  
  133  7:42  Queen  
  133  7:43  Drone, Mutalisk  
  138  7:46  Extractor  
  138  7:47  Drone  
  138  7:51  Mutalisk x2  
  138  7:57  Baneling x2  
  144  7:58  Drone x2  
  144  8:01  Centrifugal Hooks  
  144  8:02  Drone x2  
  146  8:06  Mutalisk  
  146  8:09  Overlord, Mutalisk  
  151  8:12  Drone  
  151  8:13  Zerg Flyer Weapons Level 2  
  151  8:14  Drone x3  
  151  8:16  Drone  
  151  8:17  Overlord  
  155  8:23  Zerg Ground Armor Level 2  
  155  8:25  Overlord  
  155  8:26  Drone  
  156  8:29  Drone  
  156  8:30  Infestation Pit, Zergling x4  
  158  8:35  Pneumatized Carapace, Hatchery  
  158  8:38  Zerg Melee Weapons Level 2  
  157  8:42  Overlord  
  157  8:45  Drone x2  
  157  8:46  Overseer, Spore Crawler  
  158  8:51  Zergling x2  
  158  8:52  Zergling x18  
  158  8:54  Baneling x6  
  158  8:55  Baneling  
  168  9:01  Mutalisk x2  
  172  9:05  Zergling x16  
  172  9:08  Overlord  
  180  9:12  Hive  
  180  9:15  Overseer x2  
  180  9:21  Drone  
  181  9:29  Mutalisk x4  
  189  9:36  Zergling x2  
  189  9:37  Zergling x18  
  189  9:38  Hatchery  
  198  9:43  Baneling x13  
  198  9:45  Zergling x4  
  199  9:50  Drone  
  184  9:53  Zergling x2  
  184  9:54  Zergling x10  
  184  9:55  Zergling x12  
  191  10:06  Baneling x11  
  189  10:18  Zergling x2  
  189  10:19  Zergling x24  
  179  10:22  Zergling x6  
  179  10:23  Zergling x4  
  179  10:26  Baneling x7  
  179  10:27  Zergling x4  
  186  10:30  Adrenal Glands  
  186  10:32  Ultralisk Cavern  
  186  10:34  Zergling x14  
  186  10:35  Zergling x4  
  194  10:42  Zerg Flyer Weapons Level 3  
  187  10:43  Zergling x6  
  187  10:45  Drone x2  
  174  10:50  Zergling x8  
  163  10:57  Zergling x8  
  154  11:05  Zergling x4  
  154  11:06  Zergling x8  
  156  11:13  Baneling x13  
  156  11:15  Zergling x16  
  164  11:19  Chitinous Plating  
  164  11:21  Zerg Ground Armor Level 3, Zerg Melee Weapons Level 3  
  164  11:22  Zergling x8  
  164  11:24  Drone x2  
  164  11:25  Drone  
  171  11:30  Ultralisk, Zergling x4  
  179  11:36  Zergling x6  
  179  11:38  Baneling x3  
  182  11:40  Zergling x10  
  182  11:41  Drone  
  188  11:54  Drone  
  189  11:58  Ultralisk  
  189  12:00  Hatchery  
  194  12:02  Zergling x12  
  194  12:04  Baneling x8  
  194  12:05  Baneling x7  
  200  12:08  Drone  
  200  12:11  Hatchery  
  199  12:21  Zergling x16  
  201  12:32  Zergling x2  
  201  12:33  Zergling x4  
  192  12:41  Ultralisk x2, Zergling x38  
  198  12:44  Baneling  
  198  12:45  Baneling x7  
  198  12:50  Zergling x2  
  199  12:59  Baneling  
  199  13:00  Baneling x4  
  199  13:05  Zergling x24  
  199  13:10  Zergling x12  
  195  13:17  Baneling x11  
  192  13:20  Zergling x12  
  198  13:27  Overlord x4  
  198  13:28  Overseer x5  
  198  13:29  Zergling x8  
  198  13:31  Overseer  
  198  13:33  Zergling x6  
  180  13:42  Ultralisk x2, Zergling x12  
  180  13:47  Zergling x8  
  181  13:49  Drone x2  
  181  13:50  Mutalisk x4  
  181  13:55  Baneling x14  
  191  13:56  Zergling x6  
  191  14:01  Zergling x10  
  199  14:05  Baneling x6  
  199  14:06  Baneling x9  
Tags
 
Add a new tag
Caveats
  • Supply blocks, unpowered buildings, or Contaminate may cause inaccurate times.
  • Supply counts are checked every 10 seconds.